 Dungeon Crawl Stone Soup version 0.30-a0-439-g9e77e4d916 (webtiles) character file.

Game seed: 16991855640826261808

14 Shayle the Conjurer (level 2, 0/23 HPs)
             Began as a Demonspawn Reaver on Dec 10, 2022.
             Succumbed to an adder's poison
             ... on level 2 of the Dungeon.
             The game lasted 00:02:51 (587 turns).

Shayle the Conjurer (Demonspawn Reaver)              Turns: 587, Time: 00:02:52

Health: 0/23       AC:  3    Str: 12    XL:     2   Next: 31%
Magic:  5/5        EV: 11    Int: 14    God:
Gold:   0          SH:  0    Dex: 11    Spells: 4/5 levels left

rFire   . . .      SeeInvis .    a - +0 hand axe
rCold   . . .      Faith    .    (no shield)
rNeg    . . .      Spirit   .    b - +0 leather armour
rPois   .          Reflect  .    (no helmet)
rElec   .          Harm     .    (no cloak)
rCorr   .          Rampage  .    (no gloves)
Will    .....                    (no boots)
Stlth   +.........               (no amulet)
HPRegen 0.23/turn                (no ring)
MPRegen 0.09/turn                (no ring)

@: mighty, lethally poisoned (0 -> -6)
A: weakness stinger 1
a: no special abilities


You were on level 2 of the Dungeon.
You visited 1 branch of the dungeon, and saw 2 of its levels.

Inventory:

Hand Weapons
 a - a +0 hand axe (weapon)
Armour
 b - a +0 leather armour (worn)
Scrolls
 d - a scroll of fear
 f - a scroll of vulnerability
 g - a scroll of enchant weapon
Potions
 e - a potion of might


   Skills:
 + Level 2.3 Fighting
 - Level 2.6 Axes
 + Level 0.9 Armour
 - Level 1.7 Dodging
 + Level 1.0 Stealth
 - Level 2.0 Spellcasting
 - Level 3.0 Conjurations


You had 4 spell levels left.
You knew the following spells:

 Your Spells              Type           Power      Damage    Failure   Level
a - Kiss of Death         Conj/Necr      20%        2d7       16%         1

Your spell library contained the following spells:

 Spells                   Type           Power      Damage    Failure   Level
 Shock                    Conj/Air       20%        1d4       16%         1
 Momentum Strike          Conj/Tloc      10%        3d8       24%         2
 Hailstorm                Conj/Ice       5%         3d4       43%         3
 Swiftness                Air            1%         N/A       65%         3
 Airstrike                Air            0%         2d(1-17)  96%         4


Dungeon Overview and Level Annotations

Branches:
Dungeon (2/15)

Altars:


Innate Abilities, Weirdness & Mutations

You have a small tail.


Message History

The adder completely misses you.
You closely miss the adder. The adder misses you.
You hit the adder.
The adder is moderately wounded.
The adder bites you.
You are poisoned.
The adder poisons you! The adder barely misses you.
You miss the adder.
The adder is moderately wounded.
You feel sick. The adder bites you.
You are more poisoned.
The adder poisons you!
You closely miss the adder.
The adder is moderately wounded.
You feel sick. The adder barely misses you. x2
You hit the adder but do no damage.
The adder is moderately wounded.
You feel sick. The adder barely misses you.
You miss the adder.
The adder is moderately wounded.
You feel sick. The adder barely misses you. The adder bites you.
You are more poisoned.
The adder poisons you!
You closely miss the adder.
Your tail-slap misses the adder.
The adder is moderately wounded.
You feel sick. The adder bites you.
You hit the adder.
The adder is heavily wounded.
You feel sick. The adder bites you. x2
* * * LOW HITPOINT WARNING * * *
You are more poisoned.
The adder poisons you!
You hit the adder.
The adder is almost dead.
* * * LOW HITPOINT WARNING * * *
You feel very sick. The adder completely misses you.
It was a potion of might.
You feel very mighty all of a sudden.
You die...

#######
#.....#
##.....#
#......#.##.
#.S.<.......
#@###.#.....
#.....# ...
####### #


You could see an adder.

Vanquished Creatures
  2 endoplasms (D:1)
  A giant cockroach (D:1)
  2 goblins (D:1)
  A kobold (D:1)
  A quokka (D:1)
  3 bats (D:1)
  2 frilled lizards (D:1)
  A rat (D:1)
13 creatures vanquished.

Notes
Turn   | Place    | Note
-------+----------+-------------------------------------------
     0 | D:1      | Shayle the Demonspawn Reaver began the quest for the Orb.
     0 | D:1      | Reached XP level 1. HP: 16/16 MP: 3/3
   347 | D:1      | Gained mutation: You have a small tail. [demonic ancestry]
   347 | D:1      | Reached XP level 2. HP: 22/22 MP: 5/5
   423 | D:1      | Reached skill level 1 in Stealth
   587 | D:2      | Succumbed to an adder's poison

Illustrated notes

Levels and vault maps discovered:
D:1:      dpeg_arrival_round_c, layout_basic, chequers_serial_rivers_marsh
D:2:      layout_basic, st_stairs_9, uniq_robin

Skill      XL: |  1  2 |
---------------+-------+-----
Stealth        | 1 |  1.0
Fighting       | |  2.3
Axes           | |  2.6
Armour         | |  0.9
Dodging        | |  1.7
Spellcasting   | |  2.0
Conjurations   | |  3.0

Action                   || total
-------------------------++-------
Melee: Hand axe          ||    53
  Use: Scroll            ||     3
       Potion            ||     1
Armor: Leather armour    ||    16
Dodge: Dodged            ||    45

Table legend: (Time is in decaauts)
 A = Elapsed time spent in this place.
 B = Non-inter-level travel time spent in this place.
 C = Inter-level travel time spent in this place.
 D = Time resting spent in this place.
 E = Time spent auto-exploring this place.
 F = Levels seen in this place.
 G = Mean time per level.
                   A        B        C        D        E       F      G
               +--------+--------+--------+--------+--------+-----+--------+
         Total |    595 |    595 |      0 |     37 |    356 |   2 |  297.5 |
       Dungeon |    595 |    595 |      0 |     37 |    356 |   2 |  297.5 |
               +--------+--------+--------+--------+--------+-----+--------+

Top non-repeatable levels by time:
     D:1: 577 daAuts
     D:2: 18 daAuts
